 Dungeon Crawl Stone Soup version 0.27-a0-1312-g5cdb2b3542 (webtiles) character file.

Game seed: 11769085385468551683

30 mdonais the Sneak (level 3, 0/25 HPs)
             Began as an Octopode Wanderer on June 20, 2021.
             Slain by a ball python (2 damage)
             ... on level 2 of the Dungeon.
             The game lasted 00:08:24 (929 turns).

mdonais the Sneak (Octopode Wanderer)                Turns: 929, Time: 00:08:24

Health: 0/25       AC: -7    Str:  8    XL:     3   Next: 20%
Magic:  2/4        EV: 13    Int: 17    God:
Gold:   33         SH:  0    Dex: 12    Spells: 0/3 levels left

rFire    . . .     SeeInvis .   a - +2 spear
rCold    . . .     Faith    .   (no shield)
rNeg     . . .     Spirit   .   (helmet restricted)
rPois    .         Reflect  .   (no amulet)
rElec    .         Harm     .   j - ring of flight
rCorr    .         Rampage  .   (no ring)
Will     .....                  (no ring)
Stlth    +++.......             (no ring)
HPRegen  0.08/turn              (no ring)
MPRegen  0.09/turn              (no ring)
                                (no ring)
                                (no ring)

@: corroded, flying
A: almost no armour, amphibious, 8 rings, camouflage 1, gelatinous body 1,
(nimble swimmer 1), tentacles
a: no special abilities


You were on level 2 of the Dungeon.
You visited 1 branch of the dungeon, and saw 2 of its levels.

You collected 33 gold pieces.

Inventory:

Hand Weapons
 a - a +2 spear (weapon)
 b - a +0 dagger
Missiles
 c - 26 arrows
 g - a stone
Jewellery
 j - a ring of flight (left tentacle)
   (You found it on level 2 of the Dungeon)
Scrolls
 d - a scroll of torment {unknown}
 e - a scroll of identify {unknown}
 f - a scroll of amnesia {unknown}
 i - a scroll of enchant armour {unknown}
Potions
 h - 2 potions of curing {unknown}


   Skills:
 + Level 2.3 Fighting
 - Level 1.0 Long Blades
 + Level 2.3 Polearms
 - Level 2.0 Dodging
 - Level 2.6 Stealth
 + Level 0.9 Spellcasting
 + Level 0.9 Conjurations
 + Level 1.0 Air Magic
 + Level 0.0 Poison Magic
 - Level 1.1 Evocations


You couldn't memorise any spells.
You knew the following spells:

 Your Spells              Type           Power      Damage    Failure   Level
a - Shock                 Conj/Air       16%        1d4       14%         1
b - Poisonous Vapours     Pois/Air       4%         N/A       26%         2

Your spell library contained the following spells:

 Spells                   Type           Power      Damage    Failure   Level
 Static Discharge         Conj/Air       4%         N/A       22%         2
 Swiftness                Air            4%         N/A       38%         3


Dungeon Overview and Level Annotations

Branches:
Dungeon (2/15)

Altars:


Innate Abilities, Weirdness & Mutations

You cannot wear most types of armour.
You are amphibious.
You can wear up to eight rings at the same time.
Your skin changes colour to match your surroundings (Stealth+).
Your rubbery body absorbs attacks. (AC +1, EV +1)
((You are camouflaged near water. (Stealth+)))
You have tentacles for arms and can constrict up to eight enemies at once.


Message History

The zap hits the hobgoblin.
The hobgoblin is severely wounded.
You now have 0/4 mp.
You reach to attack!
You hit the hobgoblin but do no damage.
The hobgoblin is severely wounded.
You hit the hobgoblin.
You kill the hobgoblin!
Your Air Magic skill increases to level 1!
No target in view!
Found a robe.
There is an open door here.
There is an open door here.
There is an open door here.
There is an open door here.
There is an open door here.
There is an open door here.
Done exploring.
MP restored: 4 Done exploring.
(D) Dungeon
Where to? (Enter - D:1 @ (x,y), ? - help)
There is an open door here.
There is a stone staircase leading down here.
You climb downwards.
There is a stone staircase leading up here.
An endoplasm comes into view.
Casting: Shock (safe; 14% risk of failure)
Confirm with . or Enter, or press ? or * to list all spells.
Aiming: Shock (safe; 14% risk of failure)
Press: ? - help, Shift-Dir - straight line, f - endoplasm
Aim: an endoplasm (asleep, 100% to hit)
You miscast Shock.
You are very lightly contaminated with residual magic.
Nothing appears to happen.
You now have 3/4 mp.
Unknown command.
Casting: Shock (safe; 14% risk of failure)
Confirm with . or Enter, or press ? or * to list all spells.
Aiming: Shock (safe; 14% risk of failure)
Press: ? - help, Shift-Dir - straight line, f/p - endoplasm
Aim: an endoplasm (asleep, 100% to hit)
The zap hits the endoplasm.
The endoplasm is heavily wounded.
The endoplasm quivers.
You now have 2/4 mp.
Casting: Shock (safe; 14% risk of failure)
Confirm with . or Enter, or press ? or * to list all spells.
Aiming: Shock (safe; 14% risk of failure)
Press: ? - help, Shift-Dir - straight line, f/p - endoplasm
Aim: an endoplasm (heavily wounded, 97% to hit)
The zap hits the endoplasm.
You kill the endoplasm!
You now have 1/4 mp.
You start resting.
Your magical contamination has completely faded away.
A frilled lizard and a kobold come into view.
You start resting.
Magic restored.
MP restored: 4
Casting: Shock (safe; 14% risk of failure)
Confirm with . or Enter, or press ? or * to list all spells.
Aiming: Shock (safe; 14% risk of failure)
Press: ? - help, Shift-Dir - straight line, f - frilled lizard
Aim: a frilled lizard (asleep, 100% to hit)
The zap hits the frilled lizard.
You kill the frilled lizard!
You now have 3/4 mp.
Casting: Shock (safe; 14% risk of failure)
Confirm with . or Enter, or press ? or * to list all spells.
Aiming: Shock (safe; 14% risk of failure)
Press: ? - help, Shift-Dir - straight line, f - kobold
Aim: a kobold, wielding a +0 short sword (asleep, 100% to hit)
The zap hits the kobold.
The kobold is moderately wounded.
The kobold shouts!
You now have 2/4 mp.
Casting: Shock (safe; 14% risk of failure)
Confirm with . or Enter, or press ? or * to list all spells.
Aiming: Shock (safe; 14% risk of failure)
Press: ? - help, Shift-Dir - straight line, f/p - kobold
Aim: a kobold, wielding a +0 short sword (moderately wounded, 55% to hit)
The zap hits the kobold.
The kobold is severely wounded.
You now have 1/4 mp.
Casting: Shock (safe; 14% risk of failure)
Confirm with . or Enter, or press ? or * to list all spells.
Aiming: Shock (safe; 14% risk of failure)
Press: ? - help, Shift-Dir - straight line, f/p - kobold
Aim: a kobold, wielding a +0 short sword (severely wounded, 55% to hit)
The zap misses the kobold.
You now have 0/4 mp.
You see here a ring of flight.
j - a ring of flight You fly up into the air.
j - a ring of flight (left tentacle)
You reach to attack!
You hit the kobold.
You kill the kobold!
No target in view!
Found a scroll labelled MILALAT OREQO.
Things that are here:
a +0 short sword; a kobold corpse A jelly comes into view.
Casting: Shock (safe; 14% risk of failure)
Confirm with . or Enter, or press ? or * to list all spells.
Aiming: Shock (safe; 14% risk of failure)
Press: ? - help, Shift-Dir - straight line, f - jelly
Aim: a jelly (asleep, 100% to hit)
The zap hits the jelly.
The jelly is lightly wounded.
The jelly quivers.
A giant cockroach comes into view.
You now have 0/4 mp.
Casting: Shock (safe; 14% risk of failure)
Confirm with . or Enter, or press ? or * to list all spells.
You don't have enough magic to cast this spell.
Unknown command.
Things that are here:
a +0 short sword; a kobold corpse
Casting: Shock (safe; 14% risk of failure)
Confirm with . or Enter, or press ? or * to list all spells.
Aiming: Shock (safe; 14% risk of failure)
Press: ? - help, Shift-Dir - straight line, f/p - jelly
Aim: a jelly (lightly wounded, 100% to hit)
The zap hits the jelly.
The jelly is moderately wounded.
You now have 0/4 mp.
You reach to attack!
You hit the jelly.
The jelly is heavily wounded.
You hit the jelly.
Your tentacles burn!
The jelly is severely wounded.
The jelly hits you. The acid corrodes you!
You are splashed with acid.
You take 12 damage, and have 13/25 hp.
MASSIVE DAMAGE!!
You completely miss the jelly.
The jelly is severely wounded.
The jelly hits you. The acid corrodes you!
You are splashed with acid!
* * * LOW HITPOINT WARNING * * *
You take 11 damage, and have 2/25 hp.
MASSIVE DAMAGE!!
A ball python comes into view.
The ball python hisses angrily.
The ball python misses you. The ball python barely misses you.
The ball python misses you. The ball python grabs you.
* * * LOW HITPOINT WARNING * * *
The ball python constricts you.
You take 1 damage, and have 2/25 hp.
You escape the ball python's grasp.
The ball python barely misses you. x2
Found 14 stones.
Okay, then.
The ball python bites you.
You die...

......# .....# .....#
.....###.
####........
#.........(...
#..............#
#...@..# ......###...
#...S..# .......##...
####J..##.......##...
#............##...
#....#####........
#.......<#........
##+###............
#......###.......
#..##..# #^......


You could see a jelly and a ball python.

Vanquished Creatures
  A ball python (D:1)
  2 endoplasms
  2 giant cockroaches (D:1)
  A goblin (D:1)
  2 hobgoblins (D:1)
  2 jackals (D:1)
  3 quokkas (D:1)
  A bat (D:1)
  9 frilled lizards
  5 kobolds
  A rat (D:1)
29 creatures vanquished.

Notes
Turn   | Place    | Note
-------+----------+-------------------------------------------
     0 | D:1      | mdonais the Octopode Wanderer began the quest for the Orb.
     0 | D:1      | mdonais set off with the following items: a +2 spear, a +0
                  | dagger; and the following spell memorised: Shock; and the
                  | following spells available to memorise: Poisonous Vapours,
                  | Static Discharge, Swiftness
     0 | D:1      | Reached XP level 1. HP: 14/14 MP: 1/1
   141 | D:1      | Reached XP level 2. HP: 19/19 MP: 0/2
   576 | D:1      | Reached XP level 3. HP: 24/24 MP: 1/4
   579 | D:1      | Learned a level 2 spell: Poisonous Vapours
   781 | D:1      | Reached skill level 1 in Air Magic
   929 | D:2      | Slain by a ball python

Illustrated notes

Levels and vault maps discovered:
D:1:      eino_arrival_tree_alley, layout_basic
D:2:      layout_basic

Skill      XL: |  1  2  3 |
---------------+----------+-----
Air Magic      | 1 |  1.0
Fighting       | |  2.3
Long Blades    | |  1.0
Polearms       | |  2.3
Dodging        | |  2.0
Stealth        | |  2.6
Spellcasting   | |  0.9
Conjurations   | |  0.9
Evocations     | |  1.1

Action                   || total
-------------------------++-------
Melee: Spear             ||    49
       Tentacles         ||     5
       Constrict         ||     3
 Cast: Shock             ||    29
 Stab: Sleeping          ||     2
Dodge: Dodged            ||    23

Table legend: (Time is in decaauts)
 A = Elapsed time spent in this place.
 B = Non-inter-level travel time spent in this place.
 C = Inter-level travel time spent in this place.
 D = Time resting spent in this place.
 E = Time spent auto-exploring this place.
 F = Levels seen in this place.
 G = Mean time per level.
                   A        B        C        D        E       F      G
               +--------+--------+--------+--------+--------+-----+--------+
         Total |    928 |    910 |     18 |    201 |    494 |   2 |  464.0 |
       Dungeon |    928 |    910 |     18 |    201 |    494 |   2 |  464.0 |
               +--------+--------+--------+--------+--------+-----+--------+

Top non-repeatable levels by time:
     D:1: 843 daAuts
     D:2: 84 daAuts
